 Dungeon Crawl Stone Soup version 0.23-a0-448-g1c01f63 (webtiles) character file.

655 Cricketeer the Chopper (level 7, -15/91 HPs)
             Began as a Minotaur Berserker on Nov 20, 2018.
             Was a Believer of Trog.
             Demolished by Prince Ribbit (16 damage)
             ... on level 5 of the Dungeon.
             The game lasted 00:06:15 (4737 turns).

Cricketeer the Chopper (Minotaur Berserker)         Turns: 4737, Time: 00:06:16

Health: -15/91     AC:  4    Str: 29    XL:     7   Next: 29%
Magic:  15/15      EV: 13    Int:  4    God:    Trog [**....]
Gold:   271        SH:  0    Dex:  9    Spells: 6/6 levels left

rFire    . . .     SeeInvis .   a - +0 hand axe
rCold    . . .     Gourm    .   (no shield)
rNeg     . . .     Faith    .   b - +0 animal skin
rPois    .         Spirit   .   (helmet restricted)
rElec    .         Reflect  .   (no cloak)
rCorr    .         Harm     .   (no gloves)
MR       .....                  (no boots)
Stlth    ..........             (no amulet)
HPRegen  0.25/turn              t - ring of magical power
MPRegen  0.14/turn              q - +2 ring of protection

@: berserking (expiring), very quick
A: retaliatory headbutt, horns 2
a: Berserk, Trog's Hand, Renounce Religion


You were on level 5 of the Dungeon.
You worshipped Trog.
Trog was pleased with you.
You were near starving.

You visited 1 branch of the dungeon, and saw 5 of its levels.

You collected 271 gold pieces.

Inventory:

Hand Weapons
 a - a +0 hand axe (weapon)
Armour
 b - a +0 animal skin (worn)
Jewellery
 j - an uncursed ring of resist corrosion
 q - a +2 ring of protection (right hand)
 t - a ring of magical power (left hand)
Wands
 m - a wand of paralysis (12)
 w - a wand of digging (3)
Scrolls
 d - 3 scrolls of teleportation {unknown}
 f - 8 scrolls of identify {unknown}
 g - 2 scrolls of amnesia {unknown}
 i - 3 scrolls of remove curse {unknown}
 l - 2 scrolls of immolation {unknown}
 n - a scroll of random uselessness {unknown}
 o - a scroll of fear {unknown}
 p - 2 scrolls of enchant weapon {unknown}
 r - a scroll of enchant armour {unknown}
 s - a scroll of noise {unknown}
 u - 2 scrolls of magic mapping {unknown}
Potions
 e - 2 potions of flight {unknown}
 h - a potion of heal wounds {unknown}
 k - a potion of curing {unknown}
 v - 2 potions of brilliance {unknown}
 x - a potion of mutation {unknown}
Comestibles
 c - 5 rations


   Skills:
 + Level 5.6 Fighting
 * Level 7.0 Axes
 + Level 4.8 Armour
 + Level 4.4 Dodging


You had 6 spell levels left.
You didn't know any spells.
Your spell library was empty.

Dungeon Overview and Level Annotations

Branches:
Dungeon (5/15)             Temple (0/1) D:5

Altars:
Xom

Annotations:
D:5 Prince Ribbit


Innate Abilities, Weirdness & Mutations

You reflexively headbutt those who attack you in melee.
You have a pair of horns on your head.


Message History

Prince Ribbit closely misses you. You furiously retaliate!
You headbutt Prince Ribbit!
A red film seems to cover your vision as you go berserk!
You feel yourself moving faster!
You feel mighty!
You are near starving!
Prince Ribbit blinks!
You feel a strong urge to attack something.
Prince Ribbit hits you.
* * * LOW HITPOINT WARNING * * *
You slash Prince Ribbit! You headbutt Prince Ribbit.
Prince Ribbit is severely wounded.
Prince Ribbit hits you.
* * * LOW HITPOINT WARNING * * *
You barely miss Prince Ribbit. Your headbutt misses Prince Ribbit.
Prince Ribbit is severely wounded.
Prince Ribbit closely misses you.
You slash Prince Ribbit! Your headbutt misses Prince Ribbit.
Prince Ribbit is almost dead.
Prince Ribbit hits you!
You die...

#...#
#....##..#####...
#...#
##...###...# ####
##..####...##
##..# #
#...#.....# #...
###.......# ##..#
#.........#
#..##.....#
#####.....#
##.@..# #.F..#
#...........#
............#
.....<......#
#...........#
#.......#...#
##.....##....
##.### #.###


You could see Prince Ribbit.

Vanquished Creatures
  A centaur (D:5)
  A scorpion (D:4)
  A howler monkey (D:4)
  5 crimson imps
  A centaur skeleton (D:4)
  A bullfrog skeleton (D:5)
  An iguana (D:5)
  3 worker ants
  A hound zombie (D:5)
  4 gnolls (D:2)
  4 adders
  An ooze (D:2)
  3 worms
  An orc (D:5)
  2 giant cockroaches (D:3)
  4 goblins
  7 hobgoblins
  2 jackals (D:1)
  10 kobolds
  3 quokkas
  4 bats
  8 frilled lizards
  A jackal skeleton (D:4)
  2 quokka skeletons (D:4)
  7 rats
  A bush (D:4)
  A plant (D:4)
80 creatures vanquished.

Notes
Turn   | Place    | Note
-------+----------+-------------------------------------------
     0 | D:1      | Cricketeer the Minotaur Berserker began the quest for the
                  | Orb.
     0 | D:1      | Reached XP level 1. HP: 19/19 MP: 0/0
   206 | D:1      | Reached XP level 2. HP: 16/27 MP: 1/1
   220 | D:1      | Reached skill level 4 in Axes
   689 | D:1      | HP: 1/27 [kobold/+0 whip (6)]
  1448 | D:2      | Reached XP level 3. HP: 24/33 MP: 2/2
  1980 | D:2      | Reached XP level 4. HP: 40/40 MP: 3/3
  2253 | D:2      | Reached ** piety under Trog
  2408 | D:2      | Reached skill level 5 in Axes
  3160 | D:4      | Found a shimmering altar of Xom.
  3175 | D:4      | Reached XP level 5. HP: 44/47 MP: 4/4
  3216 | D:4      | Reached XP level 6. HP: 36/55 MP: 5/5
  3246 | D:4      | Reached skill level 5 in Fighting
  3246 | D:4      | Reached skill level 6 in Axes
  4107 | D:5      | Entered Level 5 of the Dungeon
  4213 | D:5      | Found a staircase to the Ecumenical Temple.
  4228 | D:5      | Reached XP level 7. HP: 61/61 MP: 6/6
  4325 | D:5      | Noticed Prince Ribbit
  4645 | D:5      | Reached skill level 7 in Axes
  4730 | D:5      | HP: 1/61 [Prince Ribbit (15)]
  4735 | D:5      | HP: 1/91 [Prince Ribbit (1)]
  4737 | D:5      | Demolished by Prince Ribbit

Vault maps used:
D:1:      elethiomel_arrival_maze
D:2:      minmay_spotlight, first_ration
D:4:      led_xom_imps, serial_forest, infiniplex_forest_zigzag_2,
          infiniplex_forest_corner_1, infiniplex_forest_straight_2,
          infiniplex_forest_end_2, infiniplex_forest_lined_2,
          infiniplex_forest_lined_2, infiniplex_forest_clump_small,
          infiniplex_forest_clump_tiny
D:5:      minmay_temple_entry_mini_moons, uniq_prince_ribbit1

Skill      XL: |  1  2  3  4  5  6  7 |
---------------+----------------------+-----
Axes           | 4 5 6 7 |  7.0
Fighting       | 4 5 |  5.6
Armour         | 3 4 |  4.8
Dodging        | 3 4 |  4.4

Action                   |  1- 3 |  4- 6 |  7- 9 || total
-------------------------+-------+-------+-------++-------
Melee: Hand axe          |    82 |   194 |    30 ||   306
       Headbutt          |    10 |    59 |     3 ||    72
Invok: Berserk           |     1 |       |     1 ||     2
 Stab: Sleeping          |     1 |       |     1 ||     2
  Eat: Chunk             |     3 |     5 |     1 ||     9
       Ration            |       |     1 |       ||     1
Armor: Animal skin       |     7 |    34 |     3 ||    44
Dodge: Dodged            |    57 |    81 |    15 ||   153

Table legend:
 A = Non-vault XP
 B = Vault XP
 C = Vault XP percentage of total XP
 D = Non-vault monster count
 E = Vault monster count
 F = Vault count percentage of total count
                 A         B        C        D         E       F
            +---------+---------+-------+---------+---------+-------
      Total |     737 |     200 |  21.3 |      73 |       5 |   6.4
            +---------+---------+-------+---------+---------+-------
        D:1 |      33 |       0 |   0.0 |      22 |       0 |   0.0
        D:2 |     125 |       2 |   1.6 |      20 |       1 |   4.8
        D:3 |      35 |       0 |   0.0 |      12 |       0 |   0.0
        D:4 |     233 |     198 |  45.9 |       9 |       4 |  30.8
        D:5 |     311 |       0 |   0.0 |      10 |       0 |   0.0
            +---------+---------+-------+---------+---------+-------
